 Dungeon Crawl Stone Soup version 0.17-a0-1711-gc5340a3 (webtiles) character file.

400531 kae the Swordmaster (level 22, -4/217 HPs)
             Began as a Minotaur Fighter on Aug 22, 2015.
             Was the Champion of Qazlal.
             Slain by a stone giant (17 damage)
             ... on level 5 of the Vaults.
             The game lasted 01:47:49 (51956 turns).

kae the Swordmaster (Minotaur Fighter)             Turns: 51956, Time: 01:47:49

Health: -4/217     AC: 49    Str: 38    XL:     22   Next: 27%
Magic:  0/41       EV:  8    Int:  8    God:    Qazlal [******]
Gold:   4027       SH:  8    Dex: 11    Spells: 0 memorised, 21 levels left

rFire  . . .     SeeInvis .     f - +13 sword of the Doom Knight {pain, -Cast MR+}
rCold  . . .     Clarity  +     P - +8 orange crystal plate armour {Archmagi, Int+3 Clar SustAt}
rNeg   + . .     SustAt   +     (no shield)
rPois  +         Gourm    .     (helmet unavailable)
rElec  +         Spirit   +     O - +1 cloak
rCorr  .         Warding  .     o - +2 pair of gloves {Str+3}
rMut   .         Stasis   .     J - +2 pair of boots
MR     ++...     NoCast   +     v - amulet of guardian spirit
Stlth  ..........               g - ring of the Exiled Realms {rPois Str+7 Int-2}
                                c - ring "Sejyrus" {rElec rPois rN+ MP+9}

@: protected from physical damage, repel missiles, drained, very resistant to
hostile enchantments, extremely unstealthy
A: retaliatory headbutt, beak, horns 3, spit poison 2
a: Spit Poison, Upheaval, Elemental Force, Disaster Area, Renounce Religion
}: 2/15 runes: decaying, serpentine


You were on level 5 of the Vaults.
You worshipped Qazlal.
Qazlal was exalted by your worship.
You were near starving.

You visited 8 branches of the dungeon, and saw 44 of its levels.
You visited the Abyss 1 time.
You also visited: Bailey and Ice Cave.

You collected 5943 gold pieces.
You spent 1916 gold pieces at shops.

Inventory:

Hand weapons
 f - the +13 sword of the Doom Knight (weapon) {pain, -Cast MR+}
   (You acquired it on level 8 of the Dungeon)

   In the hands of one skilled in necromantic magic, it inflicts extra damage on
   living creatures.
   It affects your resistance to hostile enchantments.
   It prevents spellcasting.
 m - a +4 triple sword of slicing
Armour
 d - a +2 crystal plate armour of cold resistance
 o - a +2 pair of gloves of strength (worn)
 G - the +15 Maxwell's patent armour {-Cast -Tele rElec MR+ rCorr}
   (You found it on level 3 of the Swamp)

   It insulates you from electricity.
   It affects your resistance to hostile enchantments.
   It prevents spellcasting.
   It prevents most forms of teleportation.
   It protects you from acid and corrosion.
 J - a +2 pair of boots (worn)
 O - a +1 cloak (worn)
 P - the +8 orange crystal plate armour (worn) {Archmagi, Int+3 Clar SustAt}
   (You bought it in a shop on level 4 of the Orcish Mines)

   It affects your intelligence (+3).
   It sustains your strength, intelligence and dexterity.
   It protects you against confusion.
Jewellery
 c - the ring "Sejyrus" (left hand) {rElec rPois rN+ MP+9}
   (You found it on level 4 of the Snake Pit)

   [ring of poison resistance]

   It insulates you from electricity.
   It protects you from poison.
   It protects you from negative energy.
   It affects your magic capacity (+9).
 g - the ring of the Exiled Realms (right hand) {rPois Str+7 Int-2}
   (You found it on level 12 of the Dungeon)

   [ring of poison resistance]

   It affects your strength (+7).
   It affects your intelligence (-2).
   It protects you from poison.
 v - an amulet of guardian spirit (around neck)
 D - an uncursed ring of flight
 K - an uncursed ring of positive energy
 R - an uncursed amulet of warding {unknown}
 U - an uncursed ring of protection from fire {unknown}
Magical devices
 e - a wand of fire (8)
 q - a wand of invisibility (3)
 w - a wand of teleportation (4)
 L - a wand of enslavement (10)
 S - a wand of heal wounds (6)
 Y - a wand of digging (11)
Scrolls
 a - a scroll of enchant weapon
 i - 10 scrolls of remove curse
 s - 3 scrolls of fear
 t - 13 scrolls of identify
 y - 23 scrolls of teleportation
 A - 3 scrolls of summoning
 C - 11 scrolls of fog
 F - 10 scrolls of recharging
 T - 8 scrolls of magic mapping
 V - 3 scrolls of enchant armour
Potions
 h - 5 potions of cancellation
 j - 7 potions of magic
 l - a potion of flight
 n - 4 potions of cure mutation
 p - 17 potions of curing
 u - 3 potions of resistance
 E - 2 potions of agility {unknown}
 M - 4 potions of haste
 N - a potion of invisibility {unknown}
 Z - a potion of lignification
Books
 Q - a book of Summonings

   Spells                             Type                      Level
   a - Recall                         Summoning/Translocation      3
   b - Aura of Abjuration             Summoning                    5
   c - Shadow Creatures               Summoning                    5
   d - Summon Demon                   Summoning                    5
   e - Summon Forest                  Summoning/Translocation      5
   f - Summon Mana Viper              Hexes/Summoning              5
 X - a book of Burglary

   Spells                             Type                      Level
   a - Swiftness                      Charms/Air                   2
   b - Passwall                       Transmutation/Earth          3
   c - Passage of Golubria            Translocation                4
   d - Lee's Rapid Deconstruction     Earth                        5
   e - Darkness                       Hexes                        6
   f - Invisibility                   Hexes                        6
Miscellaneous
 W - a crystal ball of energy
Comestibles
 b - 2 beef jerkies
 x - 4 fruits
 z - 23 bread rations
 B - a royal jelly
 H - a meat ration


   Skills:
 + Level 22.5(21.9) Fighting
 O Level 27(26.3) Long Blades
 + Level 22.2(21.5) Armour
   Level 3.6(3.2) Shields
 - Level 15.0(14.4) Invocations


You had 21 spell levels left.
You didn't know any spells.

Dungeon Overview and Level Annotations

Branches:
Dungeon (15/15)            Temple (0/1) D:5            Lair (8/8) D:8
  Swamp (4/4) Lair:4        Snake (4/4) Lair:3        Slime (0/6) Lair:6
    Orc (4/4) D:9             Elf (3/3) Orc:3        Vaults (5/5) D:14
  Crypt (0/3) Vaults:2     Depths (1/5) D:15

Altars:
Ashenzari
Dithmenos
Gozag
Kikubaaqudgha
Okawaru
Qazlal
Ru
Sif Muna
Xom
Yredelemnul
Zin
The Shining One
Beogh

Shops:
D:7 (   D:9 %   D:12 !   Orc:3 }   Orc:4 }[}[[   Elf:1 %   Elf:2 }   Elf:3 }
Snake:3 (   Depths:1 %

Portals:
Hell: Depths:1
Trove: Vaults:4 (give +5 fire dragon armour)


Innate Abilities, Weirdness & Mutations

You reflexively headbutt those who attack you in melee.
You have a pair of large horns on your head.
You have a beak for a mouth.
You can spit poison.


Message History

The ironheart preserver mumbles some strange words.
The ironheart preserver begins to accept its allies' injuries.
The sphinx casts a spell.
Something smites you!
* * * LOW HITPOINT WARNING * * *
The stone giant throws a large rock.
The large rock is repelled.
The large rock hits the vault warden!!
The golden dragon bites you but does no damage.
The golden dragon claws you but does no damage.
The golden dragon tramples you but does no damage.
You hear a roar!
The tengu reaver points at you and mumbles some strange words.
The bolt of lightning hits the war gargoyle.
The war gargoyle resists.
The bolt of lightning hits you! You resist.
* * * LOW HITPOINT WARNING * * *
The shadow dragon is engulfed in freezing vapours.
The shadow dragon breathes negative energy at you.
The bolt of negative energy hits you! You partially resist.
You feel drained. The stone giant hits you!!
You die...

....))).(..#.#
##...†.)...T##############
.....<<)).................
...)<()§)C%.(.............
.....<<)c*p..(C.?.........
....C.CH.Q§...............
##(...HDD9################
...D..p.§.C......
...#...Q#@.##.##
$..#...*#.## #. #....#.#
#...p#.. #....#.# #....#C#
#....#.# #..


You could see a shadow dragon, an iron dragon, an ironheart preserver, a golden
dragon, a frost giant, a fire giant, 2 sphinxes, 2 stone giants, a vault warden,
a tengu reaver, an ettin, a war gargoyle, a deep troll earth mage and a yaktaur.

Vanquished Creatures
  Nikola (Vaults:3)
  Jory (Vaults:4)
  A bone dragon (Swamp:4)
  An Ice Fiend (IceCv)
  Rupert (D:13)
  2 tentacled monstrosities
  A quicksilver dragon (Vaults:5)
  A deep elf blademaster (Elf:2)
  A deep elf master archer (Elf:3)
  A sphinx (Vaults:4)
  An octopode crusher (Depths:1)
  A storm dragon (D:13)
  2 thorn hunters
  A tengu reaver (Vaults:4)
  Roxanne (Swamp:3)
  Wiglaf (Vaults:2)
  8 greater nagas (Snake:4)
  9 deep elf sorcerers
  4 fire giants
  Maud (Orc:2)
  Aizul (Swamp:1)
  Louise (Swamp:2)
  7 vault wardens
  An orc warlord (Bailey)
  8 ironheart preservers
  9 stone giants
  2 vampire knights
  4 deep elf demonologists
  Azrael (D:13)
  13 deep elf annihilators
  The ghost of kae the Fencer, a powerful MiFi of Okawaru (Lair:3)
  Snorg (Lair:3)
  6 deep elf death magi
  28 vault guards
  2 great orbs of eyes (Depths:1)
  Josephine (Swamp:1)
  5 yaktaur captains
  7 ettins
  4 rakshasas
  2 fire dragons (Vaults:4)
  7 deep elf high priests
  4 ghost crabs
  17 naga warriors
  12 hydras
  6 ice dragons
  17 anacondas
  Erolcha (D:13)
  15 dancing weapons (Elf:2)
  13 centaur warriors
  A queen ant (Lair:6)
  4 deep troll shamans (Depths:1)
  13 ogre magi
  3 deep troll earth magi (Depths:1)
  A tengu warrior (D:14)
  A vampire mage (D:15)
  13 alligators
  14 naga sharpshooters
  13 death yaks
  3 shock serpents
  18 deep elf knights
  3 salamander mystics
  5 skeletal warriors
  2 sea snakes (Snake:3)
  2 fire crabs
  A storm dragon skeleton (D:15)
  2 unseen horrors
  3 iron trolls (Depths:1)
  5 spectral hydras (Swamp:4)
  5 ice devils (IceCv)
  4 giant orange brains
  2 spriggan druids (Swamp:3)
  4 deep elf summoners
  2 lindwurms (Lair:8)
  14 deep trolls
  4 naga ritualists
  9 swamp dragons
  3 ice statues
  3 tengu zombies
  An obsidian statue (D:15)
  6 ironbrand convokers
  An orb spider (shapeshifter) (Vaults:3)
  Pikel (D:4)
  13 orc knights
  9 necromancers
  6 hill giants
  6 shambling mangroves
  6 wolf spiders
  12 deep elf conjurers
  2 phantasmal warriors
  9 cyclopes
  A stone giant zombie (Vaults:2)
  4 griffons
  6 mana vipers
  10 salamanders
  5 hornets
  2 manticores
  A wizard (Vaults:1)
  24 ugly things
  4 large abominations
  2 frost giant zombies
  An orc sorcerer (Vaults:3)
  A salamander (shapeshifter) (Vaults:2)
  3 elephants (Lair:8)
  30 slime creatures
  A hornet (shapeshifter) (Vaults:4)
  20 guardian serpents
  A cyclops (shapeshifter) (Vaults:2)
  50 black mambas
  3 oklob plants
  A fire giant skeleton (Vaults:3)
  A black mamba (shapeshifter) (Elf:1)
  8 vault sentinels
  A stone giant skeleton (Vaults:2)
  21 naga magi
  A gargoyle (D:11)
  7 torpor snails
  27 spiny frogs
  A spiny frog (shapeshifter) (Vaults:3)
  7 kobold demonologists
  3 swamp worm zombies (Swamp:4)
  A komodo dragon (shapeshifter) (Vaults:1)
  6 centaur skeletons
  47 yaktaurs
  A yaktaur (shapeshifter) (Vaults:2)
  6 freezing wraiths
  13 komodo dragons
  A troll (shapeshifter) (Vaults:4)
  3 small abominations
  A jumping spider (Vaults:3)
  13 deep elf priests
  A polar bear (Lair:8)
  An efreet (D:14)
  8 wind drakes (D:12)
  3 hydra zombies (Swamp:4)
  7 blue devils (IceCv)
  9 trolls
  The ghost of Zebura the Chopper, an average DrSk (D:4)
  20 two-headed ogres
  A jumping spider (shapeshifter) (Vaults:5)
  A wind drake (shapeshifter) (Vaults:3)
  7 giant leeches
  2 spectral swamp dragons (Swamp:4)
  9 boulder beetles
  4 alligator zombies (Swamp:4)
  A spriggan zombie (D:15)
  18 blink frogs
  7 bog bodies
  18 deep elf magi
  9 air elementals (D:12)
  3 vampires (Vaults:2)
  A spriggan (shapeshifter) (Vaults:4)
  Sigmund (D:5)
  3 shadows
  A trapdoor spider (shapeshifter) (D:15)
  5 spriggans
  A stone giant simulacrum (Vaults:1)
  8 wraiths
  3 redbacks
  A water elemental (Depths:1)
  48 yaks
  5 wyverns
  44 deep elf fighters
  A basilisk (D:15)
  17 hippogriffs
  2 hungry ghosts
  21 vampire mosquitoes
  A mottled dragon (D:15)
  29 insubstantial wisps
  23 water moccasins
  A deep troll zombie (Vaults:4)
  7 wargs
  11 soldier ants (Lair:6)
  8 wolves (Lair:3)
  A hornet simulacrum (D:12)
  54 nagas
  22 swamp worms
  Duvessa (D:7)
  13 porcupines
  2 deep troll skeletons
  4 ice beasts
  2 black bears
  33 orc warriors
  4 sky beasts
  4 slaves (D:4)
  5 spiders
  4 swamp dragon zombies (Swamp:4)
  20 wasps
  An eye of draining (shapeshifter) (Vaults:3)
  4 hell hounds (D:13)
  7 phantoms
  2 human skeletons
  18 centaurs
  11 crocodiles
  50 ogres
  A human zombie (Vaults:2)
  7 elf zombies
  3 brain worms (Lair:8)
  3 big kobolds (D:14)
  16 giant frogs
  Dowan (D:7)
  2 scorpions
  3 human simulacra
  2 electric eels (Snake:3)
  An elf skeleton (Vaults:3)
  14 killer bees
  8 wights
  3 giant frog zombies
  A centaur zombie (D:6)
  4 crimson imps
  15 jellies
  11 hounds
  Crazy Yiuf (D:4)
  3 giant frog skeletons
  18 orc priests
  26 orc wizards
  5 hell rats
  2 gnoll shamans
  56 worker ants
  7 iguanas
  32 sheep
  A hound skeleton (D:10)
  A hound zombie (D:9)
  Robin (D:2)
  A swamp drake zombie (Swamp:4)
  21 gnolls
  22 adders
  3 shadow imps
  22 river rats
  3 white imps (IceCv)
  5 ufetubi (IceCv)
  4 oozes (D:1)
  22 worms
  3 adder skeletons
  196 orcs
  8 bats
  6 giant cockroaches
  34 goblins
  28 hobgoblins
  4 quokkas
  5 ball pythons
  9 giant geckos
  5 giant newts
  12 jackals
  11 kobolds
  43 rats
  2 bushes (Lair:7)
  6 crawling corpses
  56 fungi
  44 plants
2261 creatures vanquished.

Vanquished Creatures (collateral kills)
  A vault guard (Vaults:5)
  A naga warrior (Snake:4)
  A shock serpent (Snake:4)
3 creatures vanquished.

Vanquished Creatures (others)
  A deep elf knight (Elf:1)
  14 ball lightnings (D:12)
  A vault sentinel (Vaults:3)
  A deep elf priest (Vaults:3)
  2 wind drakes (D:12)
  2 deep elf fighters
  A vampire mosquito (Vaults:3)
  3 white imps (IceCv)
  6 ufetubi (IceCv)
  A crawling corpse (Vaults:5)
  29 fungi
  28 plants
89 creatures vanquished.

Grand Total: 2353 creatures vanquished

Notes
Turn   | Place    | Note
--------------------------------------------------------------
     0 | D:1      | kae the Minotaur Fighter began the quest for the Orb.
     0 | D:1      | Reached XP level 1. HP: 19/19 MP: 0/0
     1 | D:1      | Found a runed door.
   116 | D:1      | Reached XP level 2. HP: 23/26 MP: 1/1
   340 | D:1      | Reached skill level 4 in Long Blades
   346 | D:1      | Reached XP level 3. HP: 14/31 MP: 2/2
   682 | D:1      | Reached skill level 5 in Long Blades
   883 | D:2      | Reached XP level 4. HP: 37/39 MP: 3/3
  1157 | D:2      | Reached skill level 6 in Long Blades
  1171 | D:2      | Found an ancient bone altar of Kikubaaqudgha.
  1172 | D:2      | Found a stormy altar of Qazlal.
  1186 | D:2      | Became a worshipper of Qazlal Stormbringer
  1408 | D:2      | Reached XP level 5. HP: 43/45 MP: 4/4
  1442 | D:2      | Acquired Qazlal's first power
  1607 | D:2      | Noticed Robin
  1620 | D:2      | Killed Robin
  1834 | D:3      | Found a basalt altar of Yredelemnul.
  1875 | D:3      | Reached skill level 7 in Long Blades
  1956 | D:3      | Acquired Qazlal's second power
  2250 | D:3      | Reached XP level 6. HP: 32/51 MP: 5/5
  2672 | D:4      | Reached skill level 8 in Long Blades
  2885 | D:4      | Noticed Zebura's ghost (average DrSk)
  2887 | D:4      | Noticed Pikel
  3256 | D:4      | Reached skill level 9 in Long Blades
  3256 | D:4      | Reached XP level 7. HP: 49/57 MP: 6/6
  3409 | D:4      | Noticed Crazy Yiuf
  3416 | D:4      | Killed Crazy Yiuf
  3525 | D:4      | Killed Zebura's ghost
  3525 | D:4      | Reached skill level 10 in Long Blades
  4134 | D:4      | Killed Pikel
  4134 | D:4      | Reached skill level 12 in Long Blades
  4134 | D:4      | Reached XP level 8. HP: 58/64 MP: 7/7
  4233 | D:5      | Entered Level 5 of the Dungeon
  4235 | D:5      | Noticed Sigmund
  4242 | D:5      | Killed Sigmund
  4285 | D:5      | Reached skill level 13 in Long Blades
  4419 | D:4      | Acquired Qazlal's third power
  5028 | D:5      | Found a shimmering altar of Xom.
  5224 | D:5      | Found a staircase to the Ecumenical Temple.
  5414 | D:5      | Reached XP level 9. HP: 54/70 MP: 8/8
  5429 | D:5      | Found a glowing golden altar of the Shining One.
  5847 | D:6      | Reached skill level 14 in Long Blades
  6336 | D:6      | Found a shattered altar of Ashenzari.
  6847 | D:7      | Found Timakkem's Antique Weapon Boutique.
  7030 | D:7      | Reached skill level 15 in Long Blades
  7157 | D:7      | Acquired Qazlal's fourth power
  7414 | D:7      | Noticed Duvessa
  7414 | D:7      | Noticed Dowan
  7424 | D:7      | Killed Duvessa
  7435 | D:7      | Killed Dowan
  7694 | D:8      | Reached skill level 16 in Long Blades
  7915 | D:8      | Reached XP level 10. HP: 45/77 MP: 9/9
  8103 | D:8      | Found a staircase to the Lair.
  8276 | D:8      | Found a deep blue altar of Sif Muna.
  8276 | D:8      | Found an iron altar of Okawaru.
  8431 | D:8      | Found a glowing silver altar of Zin.
  8432 | D:8      | Found an opulent altar of Gozag.
  8532 | D:9      | Reached skill level 5 in Fighting
  8636 | D:9      | Found an opulent altar of Gozag.
  8686 | D:9      | Acquired Qazlal's fifth power
  8993 | D:9      | Found a sacrificial altar of Ru.
  9032 | D:9      | Found a staircase to the Orcish Mines.
  9197 | D:9      | Found Qiytok's Food Shoppe.
  9686 | Orc:1    | Entered Level 1 of the Orcish Mines
  9937 | Orc:1    | Found a flagged portal.
  9947 | Bailey   | Entered a bailey
 10091 | Bailey   | Noticed an orc knight
 10102 | Bailey   | Killed an orc knight
 10173 | Bailey   | Reached skill level 10 in Fighting
 10190 | Bailey   | Noticed an orc knight
 10198 | Bailey   | Killed an orc knight
 10474 | Bailey   | Noticed an orc warlord
 10510 | Bailey   | Killed an orc warlord
 10510 | Bailey   | Reached XP level 11. HP: 104/104 MP: 10/10
 11028 | D:10     | Entered Level 10 of the Dungeon
 11176 | D:10     | Identified a scroll of acquirement
 11435 | D:10     | Noticed a hill giant
 11441 | D:10     | Killed a hill giant
 12040 | D:11     | Found a shadowy altar of Dithmenos.
 12433 | Lair:1   | Entered Level 1 of the Lair of Beasts
 12443 | Lair:1   | Reached skill level 5 in Armour
 12885 | Lair:1   | Reached XP level 12. HP: 44/117 MP: 11/11
 13995 | Lair:2   | Reached skill level 10 in Armour
 14345 | Lair:3   | Noticed kae's ghost (powerful MiFi)
 14992 | Lair:3   | Killed kae's ghost
 15326 | Lair:3   | Noticed Snorg
 15333 | Lair:3   | Killed Snorg
 15446 | Lair:3   | Found a staircase to the Snake Pit.
 16508 | Lair:4   | Found a staircase to the Swamp.
 17235 | Lair:2   | Gained mutation: You have a beak for a mouth. [potion of beneficial mutation]
 17236 | Lair:2   | Gained mutation: You have a pair of large horns on your head. [potion of beneficial mutation]
 17304 | Lair:5   | Noticed an eight-headed hydra
 17310 | Lair:5   | Killed a 12-headed hydra
 17779 | Lair:5   | Reached XP level 13. HP: 124/124 MP: 12/12
 17953 | Lair:5   | Reached skill level 17 in Long Blades
 19094 | Lair:6   | Reached skill level 18 in Long Blades
 19644 | Lair:6   | Found a staircase to the Slime Pits.
 19996 | Lair:6   | Reached skill level 19 in Long Blades
 21226 | Lair:8   | Entered Level 8 of the Lair of Beasts
 21252 | Lair:8   | Reached skill level 20 in Long Blades
 21610 | Lair:8   | Reached XP level 14. HP: 125/132 MP: 11/13
 22461 | Lair:8   | Reached skill level 21 in Long Blades
 23361 | Lair:8   | Reached skill level 22 in Long Blades
 23370 | Lair:8   | Found a runed door.
 24147 | Orc:2    | Noticed Maud
 24155 | Orc:2    | Killed Maud
 24233 | Orc:2    | Found an iron altar of Okawaru.
 24235 | Orc:2    | Found a roughly hewn altar of Beogh.
 24644 | Orc:3    | Reached XP level 15. HP: 103/138 MP: 14/14
 25085 | Orc:3    | Found Yckopi Gufo's Gadget Shoppe.
 25116 | Orc:3    | Found a staircase to the Elven Halls.
 25250 | Orc:4    | Entered Level 4 of the Orcish Mines
 25250 | Orc:4    | Found Ytostafi's Armour Boutique.
 25252 | Orc:4    | Bought the +8 orange crystal plate armour {Archmagi, Int+3 Clar SustAt} for 1916 gold pieces
 25618 | Orc:4    | Reached skill level 23 in Long Blades
 25909 | Orc:4    | Found Baalojell's Gadget Shoppe.
 25909 | Orc:4    | Found Ytiklam's Armour Boutique.
 25910 | Orc:4    | Found Yppafi's Gadget Boutique.
 25910 | Orc:4    | Found Zitruam's Armour Emporium.
 26217 | Elf:1    | Entered Level 1 of the Elven Halls
 26272 | Elf:1    | Found Cudusig's Food Shop.
 27089 | Elf:1    | Identified the Volume of Evil Rites
 27183 | Elf:1    | Reached skill level 24 in Long Blades
 27548 | Elf:2    | Found Liad's Quality Used Wands.
 27707 | Elf:2    | Found a runed gate.
 27707 | Elf:2    | Found a runed gate.
 27707 | Elf:2    | Found a runed gate.
 27896 | Elf:2    | Reached skill level 25 in Long Blades
 27961 | Elf:2    | Reached XP level 16. HP: 96/146 MP: 15/15
 28367 | Elf:3    | Entered Level 3 of the Elven Halls
 28630 | Elf:3    | Found Yfow's Gadget Shoppe.
 28843 | Elf:3    | Reached skill level 26 in Long Blades
 28907 | Elf:3    | Noticed a deep elf blademaster
 28924 | Elf:2    | Killed a deep elf blademaster
 29063 | Elf:3    | Noticed a Brimstone Fiend
 29065 | Elf:3    | Noticed an Ice Fiend
 29079 | Elf:3    | Cast into the Abyss (a deep elf demonologist)
 29081 | Abyss:1  | Gained mutation: You can spit weak poison. [potion of beneficial mutation]
 29113 | Elf:3    | Escaped the Abyss
 29645 | Elf:3    | Reached skill level 27 in Long Blades
 29649 | Elf:3    | Reached skill level 1 in Invocations
 29722 | Elf:3    | Noticed an Executioner
 29729 | Elf:3    | Noticed an Executioner
 29729 | Elf:3    | Killed an Executioner
 29732 | Elf:3    | Noticed a deep elf master archer
 29743 | Elf:3    | Killed a deep elf master archer
 29765 | Elf:3    | Reached skill level 5 in Invocations
 29765 | Elf:3    | Reached XP level 17. HP: 42/152 MP: 19/19
 29780 | Elf:3    | HP: 6/152 [deep elf high priest/burst of hellfire (31)]
 31535 | D:12     | Found Docwuq Nyma's Distillery.
 32066 | D:12     | Got a translucent ivory ring
 32362 | D:12     | Identified the ring of the Exiled Realms {rPois Str+7 Int-2} (You found it on level 12 of the Dungeon)
 32373 | D:13     | Noticed Erolcha
 32376 | D:13     | Noticed Rupert
 32379 | D:13     | Killed Erolcha
 32380 | D:13     | Paralysed by Rupert for 7 turns
 32394 | D:13     | Killed Rupert
 32435 | D:13     | Noticed Azrael
 32443 | D:13     | Killed Azrael
 33553 | D:14     | Reached skill level 10 in Invocations
 33669 | D:14     | Found a gate to the Vaults.
 33990 | D:15     | Entered Level 15 of the Dungeon
 34104 | D:15     | Gained mutation: You can spit poison. [a neqoxec]
 34266 | D:15     | Found a staircase to the Depths.
 35062 | Depths:1 | Entered Level 1 of the Depths
 35287 | Depths:1 | Reached XP level 18. HP: 145/160 MP: 26/26
 35437 | Depths:1 | Found a gateway to Hell.
 35513 | Depths:1 | Found Inoetete's Food Shop.
 36466 | Snake:1  | Entered Level 1 of the Snake Pit
 36563 | Snake:1  | Reached skill level 15 in Invocations
 37070 | Snake:1  | Found a frozen archway.
 37079 | IceCv    | Entered an ice cave
 38158 | Snake:2  | Reached skill level 15 in Fighting
 38618 | Snake:2  | Reached skill level 15 in Armour
 38718 | Snake:3  | Found Sapryq's Antique Weapon Emporium.
 38756 | Snake:3  | Reached XP level 19. HP: 102/170 MP: 29/29
 39885 | Snake:4  | Entered Level 4 of the Snake Pit
 41134 | Snake:4  | Got a slimy platinum ring
 41670 | Snake:4  | Got a serpentine rune of Zot
 41874 | Swamp:1  | Entered Level 1 of the Swamp
 41901 | Swamp:1  | Noticed Aizul
 41905 | Swamp:1  | Noticed Josephine
 41913 | Swamp:1  | Killed Aizul
 41925 | Swamp:1  | Killed Josephine
 42130 | Swamp:1  | Identified the ring "Sejyrus" {rElec rPois rN+ MP+9} (You found it on level 4 of the Snake Pit)
 42678 | Swamp:2  | Noticed Louise
 42723 | Swamp:2  | Killed Louise
 43125 | Swamp:2  | Reached XP level 20. HP: 187/187 MP: 30/30
 43622 | Swamp:3  | Noticed Roxanne
 43732 | Swamp:3  | Killed Roxanne
 43750 | Swamp:3  | Identified Roxanne's Reference Book on Clay and Changing (You took it off Roxanne on level 3 of the Swamp)
 44372 | Swamp:4  | Entered Level 4 of the Swamp
 45224 | Swamp:4  | Got a decaying rune of Zot
 46036 | Vaults:1 | Entered Level 1 of the Vaults
 47671 | Vaults:2 | Reached XP level 21. HP: 190/198 MP: 31/31
 47994 | Vaults:2 | Noticed Wiglaf
 48003 | Vaults:2 | Killed Wiglaf
 48254 | Vaults:2 | Found a staircase to the Crypt.
 49076 | Vaults:3 | Noticed Nikola
 49096 | Vaults:3 | Killed Nikola
 50497 | Vaults:4 | Noticed Jory
 50505 | Vaults:4 | Killed Jory
 51192 | Vaults:4 | Found a portal to a secret trove of treasure.
 51278 | Vaults:4 | Reached XP level 22. HP: 212/212 MP: 32/32
 51845 | Vaults:5 | Entered Level 5 of the Vaults
 51956 | Vaults:5 | Slain by a stone giant

Vault maps used:
D:1:      dpeg_arrival_caged_fury, st_stairs_11
D:2:      grunt_temple_overflow_open, first_bread, minmay_rats_cheesy_pizza,
          uniq_robin
D:3:      yredelemnul_altar_generic
D:4:      uniq_pikel, uniq_crazy_yiuf_cottage
D:5:      lemuel_doored_altar, tgw_xom, minmay_temple_entry_junction2,
          minmay_holes, uniq_sigmund
D:6:      cheibrodos_ashenzari_chains
D:7:      serial_shops, shop, uniq_duvessa
D:8:      grunt_temple_overflow_gold_and_silver,
          gammafunk_temple_overflow_elements, lair_0_dummy, grunt_pizzeria
D:9:      hiddenorc1_lemuel, basic_altar, serial_shops, shop,
          grunt_gozag_breadcrumbs
D:11:     nicolae_dithmenos_shadow_blocks
D:12:     serial_shops, kennysheep_mini_moat, aerie_lemuel
D:13:     uniq_azrael, uniq_erolcha, uniq_rupert
D:14:     hangedman_vaults_entry_quadrant_bands, kennysheep_nub
D:15:     gammafunk_depths_entry_grave, minmay_misc_feat_encased, minivault_16
Lair:1:   lab_entry_generic, grunt_megastairs_5
Lair:3:   dummy_snake_entry, lemuel_fruit_tree, uniq_snorg
Lair:4:   swamp_mist_pool
Lair:5:   minmay_lair_oklob_chamber, infiniplex_staircase_pool,
          grunt_megastairs_2, serial_bayou_shore_b, serial_bayou_shore_b
Lair:6:   minmay_slime_entry_jelly_boxes, zaba_anthell
Lair:8:   wormcave, hangedman_lair_tendril_chambers, lookout_lair_type
Swamp:1:  hangedman_swamp_lotus, uniq_aizul, uniq_josephine
Swamp:2:  hangedman_swamp_cone, uniq_louise
Swamp:3:  evilmike_swamp_ruin_house_6, st_swamp_mini, uniq_roxanne
Swamp:4:  swamp_pestilence
Snake:1:  portal_ice_cave_entry_ice_statue_01
Snake:2:  spider_trap, hangedman_snake_corridor_cut
Snake:3:  serial_shops, shop, spider_trap, serial_bayou_shore_a,
          serial_bayou_shore_b
Snake:4:  grunt_snake_rune_serpentine_throne
Orc:1:    enter_bailey_8
Orc:2:    basic_altar, okawaru_metal_pillars_3, uniq_maud
Orc:3:    serial_shops, shop, nicolae_orc_pool_cavern
Orc:4:    st_orc_ogre_mass, serial_shops, shop
Elf:1:    eino_elf_arrival_sip, serial_shops, shop, minmay_elf_necromancy,
          dk_noncrumbling_3
Elf:2:    hangedman_elf_targetted_burst, nicolae_for_you_no_charge
Elf:3:    minmay_elf_hall_x, serial_shops, shop
Vaults:1: vaults_mumra_lcd, nicolae_vaults_disjoint_gnomons, v_misc_33,
          v_misc_18, nicolae_vaults_circle_grid_a, vaults_dpeg_doors,
          vaults_mumra_minichess, nicolae_vaults_mini_display_case,
          vaults_standard_mumra_lines, nicolae_vaults_theta,
          vaults_room_ringed_pool, hangedman_vaults_stretched_pinwheel,
          nicolae_vaults_asterisk
Vaults:2: nicolae_vaults_little_squares_2, nicolae_vaults_big_ls,
          ontoclasm_vaults_pinch, ontoclasm_vaults_twist,
          minmay_crypt_entry_vampire_xt, v_misc_15, v_rooms_1, vaults_room_grid,
          ontoclasm_vaults_decontamination, v_rooms_6, vaults_mumra_hex,
          serial_ice_g, uniq_wiglaf
Vaults:3: nicolae_vaults_diagonal_hallway_7, hangedman_vaults_slice,
          hangedman_vaults_slice, vaults_dpeg_spiral, ontoclasm_vaults_spin,
          vaults_room_semicircle, nicolae_vaults_little_squares_2,
          nicolae_vaults_alarming, hangedman_vaults_trim, v_misc_24,
          grunt_vaults_hallway_short, uniq_nikola
Vaults:4: v_misc_4, grunt_vaults_bifocal, ontoclasm_vaults_fault,
          nicolae_vaults_little_ls, st_octagons_1, nicolae_vaults_angled_halls,
          hangedman_vaults_pinch, hangedman_vaults_trim, v_pattern_5,
          hangedman_vaults_restitches, ontoclasm_vaults_ring_large,
          nicolae_vaults_little_squares_6, hangedman_vaults_hat,
          ontoclasm_vaults_ring_small, nicolae_trove_entry_free_sample,
          uniq_jory
Vaults:5: serial_shops
Depths:1: serial_shops, shop, pf_hell_entry_great_geh, kennysheep_flooded_box,
          kennysheep_generic_room_2
Bailey:   bailey_axe_minmay_hex_keep, bailey
IceCv:    ice_cave_small_demon

Action                   |  1- 3 |  4- 6 |  7- 9 | 10-12 | 13-15 | 16-18 | 19-21 | 22-24 || total
-------------------------+-------+-------+-------+-------+-------+-------+-------+-------++-------
Melee: Long sword        |    97 |   322 |    26 |   340 |       |       |       |       ||   785
       Falchion          |       |       |   347 |    25 |       |       |       |       ||   372
       Great sword       |       |       |       |   174 |       |       |   799 |    38 ||  1011
       Triple sword      |       |       |       |   184 |  1011 |  1138 |   785 |       ||  3118
Invok: Upheaval          |       |       |     1 |     3 |     4 |     5 |     3 |       ||    16
       Elemental Force   |       |       |       |       |     1 |     1 |     1 |     1 ||     4
       Disaster Area     |       |       |       |       |     1 |       |     2 |     2 ||     5
Evoke: Wand              |       |     1 |       |     1 |     1 |       |       |       ||     3
  Use: Scroll            |       |    12 |     3 |    17 |     4 |     7 |     5 |     4 ||    52
       Potion            |       |       |     1 |     8 |     3 |     6 |     4 |     6 ||    28
 Stab: Invisible         |       |       |       |     3 |       |       |       |       ||     3
       Distracted        |       |       |       |       |       |       |     1 |       ||     1
  Eat: Chunk             |       |     8 |     9 |    31 |    21 |    27 |    21 |       ||   117
       Bread ration      |       |       |     1 |       |       |     2 |       |       ||     3
       Pizza             |       |       |     1 |       |       |       |     3 |       ||     4
       Fruit             |       |       |       |     2 |     6 |     1 |     6 |       ||    15
       Meat ration       |       |       |       |       |     2 |     2 |     2 |       ||     6
       Beef jerky        |       |       |       |       |       |     1 |     4 |     1 ||     6
